AoeStats
← 'Rhythm_' = idiot

MegaRandom

510583681Analyzed
4v4 RM · 18h ago on Oct 1, 2026· 29m 43s· 8 players
Game mode
Random Map
Map size
Large (8 player)
Population
200
Speed
Normal
Resources
Standard
Victory
Conquest
Starting age
Dark Age
Ending age
Imperial Age
RankedLock teamsTeams togetherTeam positionsShared explorationLock speedFull tech treeHidden civsTurbo modeCheats
Victory
Defeat
🇨🇳 Bengalis · China
1391
+12
🇨🇳 Japanese · China
1318
+14
🇹🇼 Spanish · Taiwan
1238
+18
🇨🇳 Koreans · China
1234
+18
🇵🇪 Mongols · Peru
1342
-18
🇹🇷 Mongols · Türkiye
1278
-15
🇺🇸 Britons · United States
1268
-15
🇨🇦 Franks · Canada
1236
-14
NocturnalPharmakon
2:13 Loom
12:01 Feudal Age
13:38 Double-Bit Axe
16:03 Castle Age
14:31 Horse Collar
15:40 Gold Mining
15:47 Fletching
16:30 Padded Archer Armor
16:22 Stone Mining
17:19 Bow Saw
17:47 Bodkin Arrow
19:35 Heavy Plow
19:46 Loom
19:47 Town Watch
22:45 Leather Archer Armor
22:31 Fishing Lines
24:07 Wheelbarrow
26:04 Elite Skirmisher
只會5TC
11:31 Feudal Age
16:04 Castle Age
15:20 Loom
16:19 Double-Bit Axe
16:52 Horse Collar
17:22 Bow Saw
17:06 Gold Mining
20:26 Town Watch
26:22 Town Patrol
27:41 Wheelbarrow
29:31 Hand Cart
tugou
9:23 Loom
11:41 Feudal Age
16:48 Castle Age
15:08 Double-Bit Axe
18:00 Fishing Lines
20:45 Fletching
22:59 Wheelbarrow
22:10 Town Watch
24:09 Bow Saw
27:17 Horse Collar
29:06 Gillnets
'Rhythm_' = idiot
mark4u.24
9:02 Loom
11:22 Feudal Age
12:25 Double-Bit Axe
17:21 Castle Age
16:35 Scale Barding Armor
18:47 Husbandry
27:28 Wheelbarrow
26:59 Fletching
29:50 Hand Cart
AquilaMaximus
11:34 Feudal Age
15:40 Castle Age
13:43 Double-Bit Axe
15:37 Loom
17:02 Fletching
18:50 Bodkin Arrow
WALLS
8:53 Loom
11:06 Feudal Age
15:19 Castle Age
13:12 Double-Bit Axe
18:11 Bow Saw
22:41 Fletching
23:58 Bodkin Arrow
25:51 Padded Archer Armor
26:05 Gold Mining
27:40 Wheelbarrow
28:46 Bloodlines
28:38 Husbandry
30:28 Ballistics
HasNicktir
Connection lost

Rejoining the realm…

Still unreachable

The connection could not be restored.

Session expired

The server has moved on; the page needs a fresh start.